 Dungeon Crawl Stone Soup version 0.17-a0-2014-g32cd421 (webtiles) character file.

165 Shim the Grasshopper (level 5, -2/36 HPs)
             Began as a High Elf Warper on Oct 9, 2015.
             Killed by nerve-wracking pain
             ... invoked by Grinder
              (14 damage)
             ... on level 4 of the Dungeon.
             The game lasted 00:17:33 (4105 turns).

Shim the Grasshopper (High Elf Warper)              Turns: 4105, Time: 00:17:33

Health: -2/36      AC:  4    Str: 10    XL:     5   Next: 22%
Magic:  8/10       EV: 14    Int: 16    God:
Gold:   163        SH:  0    Dex: 19    Spells: 3 memorised, 5 levels left

rFire  . . .     SeeInvis .     a - +0 short sword
rCold  . . .     Clarity  .     n - +0 robe
rNeg   . . .     SustAt   .     (no shield)
rPois  +         Gourm    .     (no helmet)
rElec  .         Spirit   .     (no cloak)
rCorr  +         Warding  .     B - +1 pair of gloves
rMut   .         Stasis   .     (no boots)
MR     .....                    y - amulet of resist corrosion
Stlth  ++........               r - +3 ring of dexterity
                                j - ring of poison resistance

@: not resistant to hostile enchantments, unstealthy
A: no striking features
a: no special abilities


You were on level 4 of the Dungeon.
You were not hungry.

You visited 1 branch of the dungeon, and saw 4 of its levels.

You collected 163 gold pieces.

Inventory:

Hand Weapons
 a - a +0 short sword (weapon)
 q - a +2 hand axe of flaming
 u - a +0 blowgun
Missiles
 e - 4 tomahawks of dispersal
 g - 130 stones (quivered)
 s - 36 poisoned needles
Armour
 b - a +0 leather armour
 n - a +0 robe (worn)
 B - a +1 pair of gloves (worn)
Jewellery
 j - a ring of poison resistance (left hand)
 r - a +3 ring of dexterity (right hand)
 y - an amulet of resist corrosion (around neck)
Scrolls
 d - a scroll of blinking
 h - a scroll of amnesia {unknown}
 k - 3 scrolls of remove curse
 m - 3 scrolls of identify
 o - a scroll of teleportation {unknown}
 t - a scroll of fog {unknown}
 v - 2 scrolls of enchant armour {unknown}
 w - a scroll of enchant weapon {unknown}
Potions
 i - a potion of might {unknown}
 l - a potion of agility {unknown}
 z - a potion of haste {unknown}
 A - a potion of poison {unknown}
Books
 c - a book of Spatial Translocations

   Spells                             Type                      Level
   a - Apportation                    Translocation                1
   b - Blink                          Translocation                2
   c - Shroud of Golubria             Charms/Translocation         2
   d - Portal Projectile              Translocation                3
   e - Teleport Other                 Translocation                3
   f - Passage of Golubria            Translocation                4
Comestibles
 f - 5 bread rations
 p - a beef jerky
 x - a meat ration
 C - a chunk of flesh


   Skills:
 + Level 2.8 Fighting
 + Level 2.8 Short Blades
 + Level 1.2 Throwing
 + Level 0.8 Armour
 + Level 3.2 Dodging
 * Level 2.6 Stealth
 + Level 3.2 Spellcasting
 + Level 0.5 Charms
 + Level 3.8 Translocations


You had 5 spell levels left.
You knew the following spells:

 Your Spells              Type           Power        Failure   Level  Hunger
a - Apportation           Tloc           ###.......   4%          1    None
b - Blink                 Tloc           N/A          8%          2    ##.....
c - Shroud of Golubria    Chrm/Tloc      #.........   12%         2    ##.....


Dungeon Overview and Level Annotations

Branches:
Dungeon (4/15)
 Temple: D:4-7

Altars:
Elyvilon
Nemelex Xobeh
Sif Muna

Annotations:
D:4 Grinder


Message History

You hit Grinder but do no damage.
Grinder is moderately wounded.
You hit Grinder but do no damage.
Grinder is moderately wounded.
Grinder barely misses you.
You hit Grinder.
Grinder is heavily wounded.
Grinder hits you!
You writhe in agony.
You hit Grinder but do no damage.
Grinder is heavily wounded.
Grinder barely misses you.
That item cannot be evoked!
Grinder completely misses you.
Found a stone staircase leading down.
Casting: Shroud of Golubria
Confirm with . or Enter, or press ? or * to list all spells.
You blink.
Grinder gestures at you. Pain shoots through your body!
You die...

#. # #.# ##### ##
####.. ...# ##.
.....######.#####
##.#
##...#.........#
#.##
#.##(.....###.###.#
##.#
#.........###.# #.#
##. ###....5..@.#
#.## #. #<.########
#..## ######
..>.....# #...#
#..... #######+#
##.## #.###.
#####.#####.##.#
#........##.#.##
#.#.#.##.##....#
###.....##.######.
+.................


You could see Grinder.

Vanquished Creatures
  A jelly (D:2)
  A worker ant (D:4)
  6 adders
  An ooze (D:3)
  2 worms (D:2)
  An orc (D:3)
  4 giant cockroaches
  7 goblins
  4 hobgoblins
  10 kobolds
  A quokka (D:3)
  A ball python (D:3)
  7 bats
  4 giant newts
  2 rats
52 creatures vanquished.

Notes
Turn   | Place    | Note
--------------------------------------------------------------
     0 | D:1      | Shim the High Elf Warper began the quest for the Orb.
     0 | D:1      | Reached XP level 1. HP: 14/14 MP: 4/4
   345 | D:1      | Reached XP level 2. HP: 19/19 MP: 6/6
   349 | D:1      | Learned a level 2 spell: Blink
   354 | D:1      | Learned a level 2 spell: Shroud of Golubria
  1273 | D:2      | Reached XP level 3. HP: 16/25 MP: 4/8
  1335 | D:2      | Reached skill level 1 in Stealth
  1975 | D:2      | Reached XP level 4. HP: 7/30 MP: 5/9
  3200 | D:3      | Found a sparkling altar of Nemelex Xobeh.
  3255 | D:3      | Found a white marble altar of Elyvilon.
  3263 | D:3      | Reached XP level 5. HP: 32/35 MP: 10/10
  3434 | D:3      | Found a deep blue altar of Sif Muna.
  4082 | D:4      | Noticed Grinder
  4105 | D:4      | Killed from afar by Grinder

Vault maps used:
D:1:      erik_arrival_triangle_huge
D:3:      lemuel_doored_altar, lemuel_round_altar, first_bread,
          minmay_crystal_room, nemelex_dance_club_becter
D:4:      kennysheep_mini, uniq_grinder

Action                   |  1- 3 |  4- 6 || total
-------------------------+-------+-------++-------
Melee: Short sword       |   110 |    87 ||   197
       Hand axe          |    12 |       ||    12
 Fire: Blowgun           |       |     3 ||     3
Throw: Stone             |    17 |    15 ||    32
       Tomahawk          |     1 |       ||     1
 Cast: Shroud of Golubri |    12 |    10 ||    22
       Blink             |       |     5 ||     5
  Use: Scroll            |     2 |       ||     2
       Potion            |     2 |       ||     2
 Stab: Sleeping          |     2 |     2 ||     4
       Distracted        |       |     1 ||     1
  Eat: Bread ration      |     1 |       ||     1
       Chunk             |       |     7 ||     7
